 Dungeon Crawl Stone Soup version 0.19.4 (webtiles) character file.

340 Jerry the Cudgeler (level 6, 0/67 HPs)
             Began as an Ogre Berserker on Jan 30, 2017.
             Was a Priest of Trog.
             Slain by an orc wizard
             ... wielding a +0 dagger
              (1 damage)
             ... on level 3 of the Dungeon.
             The game lasted 00:05:46 (3262 turns).

Jerry the Cudgeler (Ogre Berserker)                 Turns: 3262, Time: 00:05:47

Health: 0/67       AC:  3    Str: 23    XL:     6   Next: 56%
Magic:  6/6        EV: 17    Int:  6    God:    Trog [***...]
Gold:   221        SH:  0    Dex: 11    Spells: 0 memorised, 5 levels left

rFire  . . .     SeeInvis .     a - +0 mace
rCold  . . .     Gourm    .     b - +0 animal skin
rNeg   . . .     Faith    .     (no shield)
rPois  .         Spirit   .     (helmet restricted)
rElec  .         Reflect  .     (no cloak)
rCorr  .         Harm     .     (gloves unavailable)
MR     .....                    (boots unavailable)
Stlth  +.........               (no amulet)
                                o - +3 ring of evasion
                                p - +3 ring of evasion

@: exhausted, slowed, very slow
A: unfitting armour, tough skin 1
a: Berserk, Trog's Hand, Burn Spellbooks, Renounce Religion


You were on level 3 of the Dungeon.
You worshipped Trog.
Trog was most pleased with you.
You were near starving.

You visited 1 branch of the dungeon, and saw 4 of its levels.

You collected 221 gold pieces.

Inventory:

Hand Weapons
 a - a +0 mace (weapon)
Armour
 b - a +0 animal skin (worn)
Jewellery
 n - an uncursed ring of resist corrosion
 o - a +3 ring of evasion (right hand)
 p - a +3 ring of evasion (left hand)
Scrolls
 f - a scroll of enchant weapon {unknown}
 g - 2 scrolls of fear {unknown}
 h - 5 scrolls of identify {unknown}
 j - 4 scrolls of random uselessness {unknown}
 k - 3 scrolls of teleportation {unknown}
 m - a scroll of remove curse {unknown}
 q - 2 scrolls of amnesia {unknown}
Potions
 e - a potion of magic
Comestibles
 c - a bread ration
 d - a meat ration
 i - a beef jerky


   Skills:
 + Level 6.0 Fighting
 * Level 7.0 Maces & Flails
 + Level 3.9 Dodging


You had 5 spell levels left.
You didn't know any spells.

Dungeon Overview and Level Annotations

Branches:
Dungeon (4/15)
 Temple: D:4-7

Altars:
Nemelex Xobeh
Trog
Xom
Zin


Innate Abilities, Weirdness & Mutations

You are too large for most types of armour.
You have tough skin. (AC +1)


Message History

You hit something but do no damage. Something hits you.
* * * LOW HITPOINT WARNING * * *
Something hits you.
* * * LOW HITPOINT WARNING * * *
You hit something. Something hits you.
* * * LOW HITPOINT WARNING * * *
Something hits you.
* * * LOW HITPOINT WARNING * * *
All of the chunks of flesh in your inventory have rotted away.
It was a potion of magic.
Magic courses through your body. Something hits you.
* * * LOW HITPOINT WARNING * * *
Something hits you.
* * * LOW HITPOINT WARNING * * *
You miss something.
Your skin stops crawling.
You feel less resistant to hostile enchantments.
Something hits you.
* * * LOW HITPOINT WARNING * * *
Something hits you.
You die...

#.#...# ##.....## #.
##.#..# ##)))## #.
##.#.# ###'########
###.# ##........... #.#
#.#.......... #.#
##.#........8 #.#
##.#.......)
#.#########.#.....8.
##.{@†...# ##.#......
#....)...# ##.#....8
##.############.#...#
#.# #..^...#.####
#.############.#...#
#.......# ##.#.....
#######....# ##.#......
##.......######.#.......
#.........# ##.#.....)).


There were no monsters in sight!

Vanquished Creatures
  2 orc wizards (D:3)
  An iguana (D:4)
  Ijyb (D:3)
  Jessica (D:3)
  Terence (D:3)
  Natasha (D:3)
  3 gnolls (D:3)
  4 adders
  An ooze (D:3)
  3 worms
  A leopard gecko (D:3)
  12 orcs (D:3)
  6 bats
  5 giant cockroaches
  4 goblins
  A hobgoblin (D:1)
  9 jackals
  6 kobolds
  A quokka (D:3)
  2 ball pythons
  2 frilled lizards
  8 rats
75 creatures vanquished.

Notes
Turn   | Place    | Note
-------+----------+-------------------------------------------
     0 | D:1      | Jerry the Ogre Berserker began the quest for the Orb.
     0 | D:1      | Reached XP level 1. HP: 24/24 MP: 1/1
   112 | D:1      | Reached XP level 2. HP: 30/32 MP: 2/2
   628 | D:2      | Found a bloodstained altar of Trog.
   659 | D:2      | Reached XP level 3. HP: 16/40 MP: 3/3
   953 | D:2      | Found a sparkling altar of Nemelex Xobeh.
  1299 | D:2      | Found a shimmering altar of Xom.
  1302 | D:2      | Found a shimmering altar of Xom.
  1303 | D:2      | Found a shimmering altar of Xom.
  1304 | D:2      | Found a shimmering altar of Xom.
  1308 | D:2      | You fall through a shaft for 2 floors!
  1319 | D:4      | HP: 3/60 [iguana (8)]
  1320 | D:4      | Reached skill level 5 in Maces & Flails
  1320 | D:4      | Reached XP level 4. HP: 3/49 MP: 4/4
  1372 | D:4      | Reached ** piety under Trog
  1638 | D:4      | Noticed a slave
  1639 | D:4      | Noticed a slave
  1903 | D:3      | Noticed Jessica
  1906 | D:3      | Killed Jessica
  1906 | D:3      | Reached skill level 5 in Fighting
  1924 | D:3      | Reached XP level 5. HP: 38/57 MP: 5/5
  2178 | D:3      | Reached skill level 6 in Maces & Flails
  2226 | D:3      | Found a glowing silver altar of Zin.
  2390 | D:3      | Noticed Natasha
  2406 | D:3      | Killed Natasha
  2493 | D:3      | Noticed Ijyb
  2514 | D:3      | Killed Ijyb
  2514 | D:3      | Reached XP level 6. HP: 57/67 MP: 6/6
  2709 | D:3      | Noticed Terence
  2720 | D:3      | Killed Terence
  3027 | D:3      | Reached *** piety under Trog
  3238 | D:3      | Reached skill level 7 in Maces & Flails
  3259 | D:3      | HP: 3/67 [something (4)]
  3261 | D:3      | HP: 1/67 [something (1)]
  3262 | D:3      | Slain by an orc wizard

Skill      XL: |  1  2  3  4  5  6 |
---------------+-------------------+-----
Dodging        | 3 |  3.9
Maces & Flails | 5 6 7 |  7.0
Fighting       | 5 6 |  6.0

Action                   |  1- 3 |  4- 6 || total
-------------------------+-------+-------++-------
Melee: Mace              |    90 |   192 ||   282
Invok: Berserk           |     1 |     5 ||     6
       Trog's Hand       |       |     1 ||     1
  Use: Potion            |       |     1 ||     1
 Stab: Sleeping          |       |     1 ||     1
  Eat: Chunk             |     1 |    11 ||    12
Armor: Animal skin       |    33 |    38 ||    71
Dodge: Dodged            |    57 |   121 ||   178
